 Dungeon Crawl Stone Soup version 0.20.1-1-g8b1a95d (webtiles) character file.

363 NoNouf the Ducker (level 6, -3/32 HPs)
             Began as a Deep Elf Ice Elementalist on July 29, 2017.
             Slain by a centaur skeleton (4 damage)
             ... on level 5 of the Dungeon.
             The game lasted 00:36:51 (4659 turns).

NoNouf the Ducker (Deep Elf Ice Elementalist)       Turns: 4659, Time: 00:36:52

Health: -3/32      AC:  2    Str:  6    XL:     6   Next: 39%
Magic:  8/15       EV: 15    Int: 20    God:
Gold:   167        SH:  0    Dex: 16    Spells: 8/15 levels left

rFire    . . .     SeeInvis .   v - +1 mace (holy)
rCold    . . .     Gourm    .   (no shield)
rNeg     . . .     Faith    .   a - +0 robe
rPois    .         Spirit   .   (no helmet)
rElec    .         Reflect  .   (no cloak)
rCorr    .         Harm     .   (no gloves)
MR       .....                  (no boots)
Stlth    +++.......             (no amulet)
Regen    0.1/turn               (no ring)
MPRegen  0.2/turn               (no ring)

@: no status effects
A: no striking features
a: no special abilities


You were on level 5 of the Dungeon.
You were not hungry.

You visited 1 branch of the dungeon, and saw 5 of its levels.
You also visited: Ossuary.

You collected 167 gold pieces.

Inventory:

Hand Weapons
 v - a +1 mace of holy wrath (weapon)
Missiles
 f - 57 stones (quivered)
 s - 8 javelins
Armour
 a - a +0 robe (worn)
 h - a +0 cloak
 l - a +0 pair of gloves
Jewellery
 i - an uncursed ring of wizardry {unknown}
 n - a +4 ring of intelligence {unknown}
 o - an uncursed ring of positive energy {unknown}
 p - an uncursed amulet of the gourmand {unknown}
 t - a cursed -3 ring of evasion {unknown}
Potions
 d - a potion of invisibility {unknown}
 e - 3 potions of curing
 m - a potion of heal wounds {unknown}
 q - 2 potions of lignification {unknown}
 r - a potion of resistance {unknown}
 u - a potion of haste {unknown}
Books
 b - a book of Frost

   Spells                             Type                      Level
   a - Freeze                         Ice                          1
   b - Throw Frost                    Conjuration/Ice              2
   c - Ozocubu's Armour               Charms/Ice                   3
   d - Throw Icicle                   Conjuration/Ice              4
   e - Summon Ice Beast               Ice/Summoning                4
Comestibles
 c - 5 bread rations
 g - 3 royal jellies
 j - a fruit
 k - 2 meat rations
 w - 3 chunks of flesh


   Skills:
 + Level 0.3 Maces & Flails
 + Level 5.4 Dodging
 - Level 5.2 Stealth
 - Level 5.1 Spellcasting
 + Level 1.8 Conjurations
 - Level 3.2 Ice Magic


You had 8 spell levels left.
You knew the following spells:

 Your Spells              Type           Power        Failure   Level  Hunger
a - Freeze                Ice            ###.         3%          1    None
b - Throw Frost           Conj/Ice       ###...       6%          2    None
c - Throw Icicle          Conj/Ice       ###.....     36%         4    ####...


Dungeon Overview and Level Annotations

Branches:
Dungeon (5/15)
 Temple: D:4-7

Altars:
Nemelex Xobeh


Message History

The puff of frost hits the iguana.
The iguana is moderately wounded.
The iguana bites you.
There is a stone staircase leading up here.
The iguana bites you!
* * * LOW HITPOINT WARNING * * *
The centaur skeleton hits you.
* * * LOW HITPOINT WARNING * * *
The centaur skeleton misses you.
The centaur skeleton closely misses you.
There is an open door here.
The centaur skeleton barely misses you.
There is a collapsed entrance here.
The centaur skeleton hits you.
* * * LOW HITPOINT WARNING * * *
There is an open door here.
You see here a robe.
The centaur skeleton barely misses you. The centaur skeleton hits you.
You die...

.... ..⌠. .#### # .._
....# ## ⌠. ##....#
.### #.##.....# ...##
........## ....##
#........# )....###
##<.......# ..##...##
##@........##
..###...###
##.Z.........# ..#
###...####............#
.##
###.......l.........#
## #..###..[.........#
#..####...........#
#..##.............#
#..##.##'##......##
#..##.#...#......#


You could see an iguana and a centaur skeleton.

Vanquished Creatures
  A bullfrog (D:4)
  An orc priest (D:5)
  2 hounds
  An orc wizard (D:5)
  A worker ant (D:4)
  A howler monkey skeleton (D:5)
  5 adders
  2 oozes
  A worm (D:2)
  A dart slug (D:2)
  4 leopard geckos
  2 orcs
  11 bats
  4 giant cockroaches
  11 goblins
  7 hobgoblins
  3 jackals (D:4)
  3 quokkas
  A ball python (D:2)
  4 frilled lizards
  A giant cockroach zombie (D:5)
  7 kobolds
  8 rats
82 creatures vanquished.

Notes
Turn   | Place    | Note
-------+----------+-------------------------------------------
     0 | D:1      | NoNouf the Deep Elf Ice Elementalist began the quest for the Orb.
     0 | D:1      | Reached XP level 1. HP: 10/10 MP: 6/6
   297 | D:1      | Reached XP level 2. HP: 15/15 MP: 5/8
   342 | D:1      | Learned a level 2 spell: Throw Frost
  1173 | D:2      | Reached XP level 3. HP: 19/19 MP: 9/9
  2186 | D:2      | Reached XP level 4. HP: 24/24 MP: 5/10
  2917 | D:3      | Reached skill level 5 in Stealth
  3776 | D:4      | Reached XP level 5. HP: 21/28 MP: 1/12
  4000 | D:4      | Reached skill level 5 in Dodging
  4050 | D:5      | Entered Level 5 of the Dungeon
  4050 | D:5      | Found a sparkling altar of Nemelex Xobeh.
  4067 | D:5      | Found a sand-covered staircase.
  4072 | Ossuary  | Entered an ossuary
  4201 | D:5      | Reached skill level 5 in Spellcasting
  4201 | D:5      | Reached XP level 6. HP: 32/32 MP: 3/15
  4289 | D:5      | Learned a level 4 spell: Throw Icicle
  4644 | D:5      | HP: 1/32 [centaur skeleton (3)]
  4652 | D:5      | HP: 1/32 [centaur skeleton (1)]
  4659 | D:5      | Slain by a centaur skeleton

Skill      XL: |  1  2  3  4  5 |
---------------+----------------+-----
Stealth        | 3 4 5 |  5.2
Dodging        | 3 4 5 |  5.4
Spellcasting   | 5 |  5.1
Maces & Flails | |  0.3
Conjurations   | |  1.8
Ice Magic      | |  3.2

Action                   |  1- 3 |  4- 6 || total
-------------------------+-------+-------++-------
Melee: Unarmed           |     1 |       ||     1
       Dagger            |       |     3 ||     3
       Mace              |       |     6 ||     6
Throw: Stone             |    27 |     6 ||    33
 Cast: Freeze            |    20 |    31 ||    51
       Throw Frost       |    49 |    66 ||   115
  Use: Scroll            |       |     6 ||     6
       Potion            |       |     2 ||     2
  Eat: Chunk             |     6 |     9 ||    15
Armor: Robe              |     3 |     4 ||     7
Dodge: Dodged            |    13 |    36 ||    49
